 Dungeon Crawl Stone Soup version 0.29-a0-67-g1d65ae1bb4 (webtiles) character file.

Game seed: 8762895452144716946

38 Gargoyl the Skirmisher (level 3, -2/35 HPs)
             Began as a Gnoll Abyssal Knight on Feb 3, 2022.
             Was a Follower of Lugonu.
             Slain by Terence (8 damage)
             ... on level 1 of the Dungeon.
             The game lasted 00:01:25 (1685 turns).

Gargoyl the Skirmisher (Gnoll Abyssal Knight)       Turns: 1685, Time: 00:01:25

Health: -2/35      AC:  9    Str: 14    XL:     3   Next: 43%
Magic:  6/6        EV:  7    Int:  9    God:    Lugonu [*.....]
Gold:   65         SH:  0    Dex: 12    Spells: 3/3 levels left

rFire   . . .      SeeInvis .   a - +1 hand axe
rCold   . . .      Faith    .   (no shield)
rNeg    . . .      Spirit   .   e - +0 chain mail
rPois   .          Reflect  .   (no helmet)
rElec   .          Harm     .   (no cloak)
rCorr   .          Rampage  .   (no gloves)
Will    .....                   (no boots)
Stlth   ..........              (no amulet)
HPRegen 0.11/turn               (no ring)
MPRegen 0.10/turn               (no ring)

@: no status effects
A: fangs 1, strong nose, distributed training
a: Renounce Religion, Depart the Abyss


You were on level 1 of the Dungeon.
You worshipped Lugonu.
Lugonu was aware of your devotion.
You visited 1 branch of the dungeon, and saw 2 of its levels.
You visited the Abyss 1 time.

You collected 65 gold pieces.

Inventory:

Hand Weapons
 a - a +1 hand axe (weapon)
Armour
 e - a +0 chain mail (worn)
Scrolls
 b - 2 scrolls of noise


   Skills:
 + Level 6.5 Fighting
 + Level 0.8 Short Blades
 + Level 0.8 Long Blades
 + Level 4.5 Axes
 + Level 0.8 Maces & Flails
 + Level 0.8 Polearms
 + Level 0.8 Staves
 + Level 0.8 Slings
 + Level 0.8 Bows
 + Level 0.8 Crossbows
 + Level 0.8 Throwing
 + Level 4.5 Armour
 + Level 2.6 Dodging
 + Level 0.8 Stealth
 + Level 0.8 Shields
 + Level 0.8 Unarmed Combat
 + Level 0.8 Spellcasting
 + Level 0.5 Conjurations
 + Level 0.5 Hexes
 + Level 0.5 Summonings
 + Level 0.5 Necromancy
 + Level 0.5 Translocations
 + Level 0.5 Transmutations
 + Level 0.5 Fire Magic
 + Level 0.5 Ice Magic
 + Level 0.5 Air Magic
 + Level 0.5 Earth Magic
 + Level 0.5 Poison Magic
 + Level 4.6 Invocations
 + Level 0.8 Evocations


You had 3 spell levels left.
You didn't know any spells.
Your spell library contained the following spells:

 Spells                   Type           Power      Damage    Failure   Level
 Foxfire                  Conj/Fire      4%         2x1d4     100%        1
 Conjure Flame            Conj/Fire      1%         6-21      100%        3
 Inner Flame              Hex/Fire       1%         N/A       100%        3
 Flame Wave               Conj/Fire      1%         2d4       100%        4


Dungeon Overview and Level Annotations

Branches:
Dungeon (2/15)

Altars:

Annotations:
D:1 Terence


Innate Abilities, Weirdness & Mutations

You have very sharp teeth.
Your uncanny sense of smell can sniff out nearby items.
Your experience applies equally to all skills.


Message History

You hit Terence.
Terence is lightly wounded.
Terence hits you but does no damage.
Your goblin hits Terence but does no damage.
Terence barely misses you.
You closely miss Terence.
Terence is lightly wounded.
Terence barely misses you.
Your goblin hits Terence with a +0 club.
Your endoplasm freezes Terence.
Terence is frozen.
You slash Terence!
Terence is almost dead.
Terence drinks a potion.
Terence is healed!
Your goblin hits Terence but does no damage.
Your endoplasm barely misses Terence.
You closely miss Terence. Terence hits you but does no damage.
Your goblin closely misses Terence.
Your endoplasm closely misses Terence.
You hit Terence but do no damage. Terence closely misses you.
Your goblin completely misses Terence.
Your endoplasm hits Terence. Terence closely misses you.
You hit Terence but do no damage.
Terence is lightly wounded.
Your goblin hits Terence but does no damage.
Your endoplasm freezes Terence.
Terence is frozen.
Terence hits you with a +0 mace.
You hit Terence.
Terence is heavily wounded.
Your goblin barely misses Terence.
Your endoplasm hits Terence. Terence hits you with a +0 mace!
* * * LOW HITPOINT WARNING * * *
You hit Terence.
Terence is severely wounded.
Your goblin hits Terence but does no damage.
Your endoplasm closely misses Terence.
Terence hits you but does no damage.
You closely miss Terence.
Terence is severely wounded.
Your goblin hits Terence but does no damage.
Your endoplasm misses Terence. Terence hits you with a +0 mace!
You die...

#...............>....######
##########.########..# #.#
#..# #.# #..# #.# #..######
#.# #........
#J########.#######
#g@.........†.....
#@########.#######
#.########.######
##.......##......#
#............###.#
#.######.###.# #.# #.# #.#
#.# #.# #.# #.# #.###.# #.#
#.# #.....# ###.# #.#
#######


You could see Terence (ally target), a friendly endoplasm (summoned) and a
friendly goblin (summoned).

Vanquished Creatures
  A gnoll (D:1)
  An adder (D:1)
  4 bats (D:1)
  An endoplasm (D:1)
  2 goblins (D:1)
  3 jackals (D:1)
  A kobold (D:1)
  A quokka (D:1)
  2 ball pythons (D:1)
  2 frilled lizards (D:1)
  2 rats (D:1)
20 creatures vanquished.

Notes
Turn   | Place    | Note
-------+----------+-------------------------------------------
     0 | Abyss:1  | Gargoyl the Gnoll Abyssal Knight began the quest for the
                  | Orb.
     0 | Abyss:1  | Reached XP level 1. HP: 23/23 MP: 3/3
    58 | Abyss:1  | Noticed an ancient zyme
    72 | D:1      | Escaped the Abyss
   145 | D:1      | Reached XP level 2. HP: 16/29 MP: 5/5
   329 | D:1      | Reached * piety under Lugonu
   753 | D:1      | Found a faded altar of an unknown god.
  1027 | D:1      | Reached XP level 3. HP: 25/35 MP: 6/6
  1403 | D:2      | Noticed Terence
  1685 | D:1      | Slain by Terence

Illustrated notes

Levels and vault maps discovered:
D:1:      dpeg_arrival_round_a, layout_basic,
          hellmonk_ecumenical_altar_heavens_door
D:2:      layout_rooms, basic_altar, minmay_tall_x, uniq_terence

Action                   || total
-------------------------++-------
Melee: Hand axe          ||    94
       Bite              ||     5
Invok: Depart the Abyss  ||     1
  Use: Scroll            ||     2
Armor: Leather armour    ||     5
       Ring mail         ||    25
       Chain mail        ||    12
Dodge: Dodged            ||    62

Table legend: (Time is in decaauts)
 A = Elapsed time spent in this place.
 B = Non-inter-level travel time spent in this place.
 C = Inter-level travel time spent in this place.
 D = Time resting spent in this place.
 E = Time spent auto-exploring this place.
 F = Levels seen in this place.
 G = Mean time per level.
                   A        B        C        D        E       F      G
               +--------+--------+--------+--------+--------+-----+--------+
         Total |   1692 |   1636 |     56 |    248 |   1155 |   3 |  564.0 |
       Dungeon |   1620 |   1564 |     56 |    248 |   1097 |   2 |  810.0 |
         Abyss |     72 |     72 |      0 |      0 |     58 |   1 |   72.0 |
               +--------+--------+--------+--------+--------+-----+--------+

Top non-repeatable levels by time:
     D:1: 1615 daAuts
 Abyss:1: 72 daAuts
     D:2: 5 daAuts
